[Event "*** Titled Tuesday Blitz"]
[Site "Chess.com"]
[Date "2020.02.04"]
[Round "5"]
[White "OhanyanEminChess"]
[Black "VladDobrov"]
[Result "0-1"]
[WhiteElo "2468"]
[BlackElo "2913"]
[TimeControl "180+2"]
[EndTime "10:06:47 PST"]
[Termination "VladDobrov won by checkmate"]

1. e4 c5 2. Nf3 Nc6 3. Nc3 e6 4. d4 cxd4 5. Nxd4 d6 6. Rg1 h5 7. Be2 Nf6 8. Bg5 Be7 9. Qd2 a6 10.
O-O-O Bd7 11. h4 Qc7 12. g4 hxg4 13. Bxg4 Ne5 14. Be2 b5 15. a3 Rc8 16. Kb1 Nc4 17.
Qc1 Nxa3+ 18. bxa3 Qxc3 19. Rd3 Qc5 20. f4 Nxe4 21.
Bxe7 Kxe7 22. Rxg7 Nc3+ 23. Rxc3 Qxc3 24. Qg1 Rc5 25. f5 Rxf5 26. Nxf5+ exf5 27. Bd3 b4 28. Qg5+ Kf8 29. Bxf5 bxa3 30. Rxf7+ Kxf7 31. Bg6+ Kf8 32. Qf4+ Kg7 33. Qf7+ Kh6 34. Qf4+ Kxg6 35. Qxd6+ Kh5 36.
Qd5+ Kxh4 37. Qh1+ Bh3 38. Qe4+ Kg3 39. Qg6+ Bg4 40.
Qd6+ Kg2 41. Qd5+ Bf3 42. Qg5+ Kf2 43. Qc1 Rb8+ 44. Ka2 Bd5# 0-1

[Event "*** Titled Tuesday Blitz"]
[Site "Chess.com"]
[Date "2020.02.04"]
[Round "5"]
[White "evgenyermolaev"]
[Black "norwaytoadog"]
[Result "1-0"]
[WhiteElo "2527"]
[BlackElo "2307"]
[TimeControl "180+2"]
[EndTime "10:06:47 PST"]
[Termination "evgenyermolaev won by resignation"]

1. e4 e5 2. Nf3 Nc6 3. Bc4 Nf6 4. d3 Be7 5. Nbd2 O-O 6. Bb3 d6 7. c3 Na5 8. Bc2 c5 9. Nf1 Nc6 10. Ne3 d5 11. Qe2 d4 12. Nc4 Qc7 13. a4 Be6 14.
O-O h6 15. Nfd2 Rad8 16. g3 Bg4 17. f3 Bh3 18. Rf2 Nh7 19. Nf1 f5 20. exf5 Bxf5 21. f4 Bh3 22. Bd2 g5 23. Nxe5 Nxe5 24. Qxe5 Qxe5 25.
fxe5 Rxf2 26. Kxf2 Rf8+ 27. Kg1 g4 28. Bxh6 Rf5 29.
Re1 Ng5 30. Nd2 Kh7 31. Bxg5 Bxg5 32. Nc4 Be3+ 33. Nxe3 dxe3 34. d4 Kg6 35. Rxe3 Kg5 36. Bxf5 Kxf5 37. e6 1-0

[Event "*** Titled Tuesday Blitz"]
[Site "Chess.com"]
[Date "2020.02.04"]
[Round "5"]
[White "Gahan-MG"]
[Black "messiboca"]
[Result "0-1"]
[WhiteElo "2433"]
[BlackElo "2654"]
[TimeControl "180+2"]
[EndTime "10:06:49 PST"]
[Termination "messiboca won by resignation"]

1. e4 c5 2. Nf3 e6 3. c3 Nf6 4.
e5 Nd5 5. d4 cxd4 6. cxd4 d6 7.
a3 Bd7 8. Bd3 Bc6 9. O-O Nd7 10.
Qe2 dxe5 11. Nxe5 Nxe5 12. dxe5 Be7 13. Bd2 O-O 14. Nc3 Nxc3 15. Bxc3 Qd5 16. f3 Rfd8 17.
Rfd1 Qb3 18. Bc2 Qb6+ 19. Kh1 g6 20. Rxd8+ Rxd8 21. Rd1 Rxd1+ 22. Qxd1 h5 23. Qd4 Bc5 24. Qf4 Qb5 25. Qc1 Qe2 26. Qd1 Qf2 27. Bd3 h4 28. Qf1 Qe3 29. h3 Qf4 30. Qe2 Qc1+ 31. Qe1 Qxe1+ 32.
Bxe1 Bd4 33. Bc3 Bxc3 34. bxc3 g5 35. Kg1 Kg7 36. Kf2 f6 37. exf6+ Kxf6 38. Ke3 Ke5 39. c4 b6 40. Bc2 a5 41. Bd3 Kd6 42. Bf1 e5 43. Kd3 e4+ 44. Ke3 exf3 45. gxf3 Ke5 46. Bd3 Bd7 47. Bf1 Be6 48. Bd3 Bxh3 49. Kf2 Bf5 50. Bf1 Kd4 51. f4 g4 52. Be2 Ke4 0-1

[Event "*** Titled Tuesday Blitz"]
[Site "Chess.com"]
[Date "2020.02.04"]
[Round "5"]
[White "Sergey85Rodchenkov"]
[Black "pedromartinez91"]
[Result "1-0"]
[WhiteElo "2554"]
[BlackElo "2408"]
[TimeControl "180+2"]
[EndTime "10:06:49 PST"]
[Termination "Sergey85Rodchenkov won by resignation"]

1. e4 Nf6 2. e5 Ng8 3. d4 d6 4. exd6 exd6 5. Bd3 Nf6 6. h3 Be7 7. Nf3 O-O 8. O-O b6 9. c4 Bb7 10. d5 Nbd7 11. Nc3 Re8 12. Nd4 Ne5 13. Be2 Bf8 14. Bg5 h6 15. Bh4 Ng6 16. Bg3 Ne4 17.
Nxe4 Rxe4 18. Bf3 Re8 19. Qd2 Qf6 20. Rfe1 a6 21. b3 Nh4 22. Be4 Re7 23. Bxh4 Qxh4 24. Nf5 Qf6 25. Nxe7+ Bxe7 26. Rad1 Bf8 27. Re3 g6 28. Rde1 h5 29. Bb1 Bh6 30. Re8+ Kg7 31. Qe2 Rxe8 32. Qxe8 Bf4 33. Re7 Be5 34. Rxc7 Bd4 35.
Qe2 Ba8 36. g3 Qg5 37. Kg2 Qf6 38. Qf3 Qxf3+ 39. Kxf3 b5 40. Rc8 Bb7 41. Rb8 bxc4 42. bxc4 1-0

[Event "*** Titled Tuesday Blitz"]
[Site "Chess.com"]
[Date "2020.02.04"]
[Round "5"]
[White "MFBerna"]
[Black "miroslavsavic"]
[Result "1-0"]
[WhiteElo "2340"]
[BlackElo "2143"]
[TimeControl "180+2"]
[EndTime "10:06:52 PST"]
[Termination "MFBerna won on time"]

1. d4 Nf6 2. Nf3 e6 3. g3 b6 4. Bg2 Bb7 5. O-O a5 6. c4 h6 7. Nc3 Bb4 8. Nb5 O-O 9. a3 Be7 10. Bf4 d6 11. Rc1 Nbd7 12. b4 axb4 13. axb4 g5 14.
Be3 Ng4 15. Qd2 Nxe3 16. Qxe3 Bf6 17. Rfd1 Bg7 18. h4 g4 19. Ne1 Bxg2 20. Nxg2 e5 21.
dxe5 Nxe5 22. c5 bxc5 23. bxc5 Ra5 24. Nd4 Rxc5 25. Nf4 Rxc1 26. Qxc1 c5 27. Nf5 Ng6 28. Nh5 Be5 29. Qxh6 Qd7 30. Qg5 Qe6 31. Qxg4 Kh7 32. f4 Bf6 33. Rxd6 1-0

[Event "*** Titled Tuesday Blitz"]
[Site "Chess.com"]
[Date "2020.02.04"]
[Round "5"]
[White "Witik"]
[Black "gmcorrales"]
[Result "0-1"]
[WhiteElo "2599"]
[BlackElo "2829"]
[TimeControl "180+2"]
[EndTime "10:06:55 PST"]
[Termination "gmcorrales won by resignation"]

1. e4 c5 2. Nf3 d6 3. Bb5+ Nd7 4. d4 cxd4 5. Qxd4 Nf6 6. c4 a6 7. Bxd7+ Bxd7 8. Nc3 e6 9. Bg5 h6 10. Bxf6 Qxf6 11. e5 Qg6 12. exd6 Qxg2 13. Ke2 f6 14. Nh4 Qh3 15. Rhg1 g5 16. Nf3 Bg7 17. Qe4 O-O 18.
Rg3 Qh5 19. Kf1 Bc6 20. Qxe6+ Kh8 21. Nd4 Rae8 22. Qh3 Qg6 23. Nxc6 bxc6 24. d7 Rd8 25. Rd1 f5 26. Rgd3 g4 27. Qh4 Bf6 28. Qg3 Qh5 29. Qd6 Bg7 30. Kg1 f4 31. Ne4 f3 32.
Qg3 Be5 33. Rd5 cxd5 34. Rxd5 Bxg3 35. Rxh5 Bf4 36. Rd5 Rf7 37. Nc5 Re7 0-1

[Event "*** Titled Tuesday Blitz"]
[Site "Chess.com"]
[Date "2020.02.04"]
[Round "5"]
[White "Eraschenkov"]
[Black "GMKrikor"]
[Result "0-1"]
[WhiteElo "2613"]
[BlackElo "2840"]
[TimeControl "180+2"]
[EndTime "10:06:55 PST"]
[Termination "GMKrikor won on time"]

1. e4 c5 2. Nf3 e6 3. d4 cxd4 4.
Nxd4 Nc6 5. Nc3 a6 6. Be3 Nf6 7. Bd3 Bb4 8. O-O O-O 9. f4 Bc5 10. e5 Bxd4 11. Bxd4 Nxd4 12. exf6 Qxf6 13. Ne4 Qe7 14.
c3 Nf5 15. Qh5 g6 16. Qf3 d5 17. Nf2 Bd7 18. Bxf5 gxf5 19. Qe3 Rac8 20. a4 Rc4 21. b3 Rc7 22. Nd3 Rxc3 23. Rf3 f6 24. Qd4 Rfc8 25.
Rg3+ Kh8 26. Re1 Rxb3 27. h3 Ra3 28. Ree3 Rxa4 29. Qxd5 Rac4 0-1

[Event "*** Titled Tuesday Blitz"]
[Site "Chess.com"]
[Date "2020.02.04"]
[Round "5"]
[White "tan275"]
[Black "MaxLeto"]
[Result "1-0"]
[WhiteElo "2161"]
[BlackElo "2328"]
[TimeControl "180+2"]
[EndTime "10:07:00 PST"]
[Termination "tan275 won on time"]

1. d4 d5 2. c4 e6 3. Nf3 Nf6 4. g3 c6 5. Bg2 Be7 6. O-O O-O 7.
Qc2 Nbd7 8. Nbd2 Re8 9. e4 dxe4 10. Nxe4 Nxe4 11. Qxe4 c5 12. Rd1 Qb6 13. Qe2 cxd4 14.
Nxd4 e5 15. Nf5 Bf8 16. Ne3 Nf6 17. Nd5 Nxd5 18. Bxd5 Bc5 19. Be3 Bxe3 20. Qxe3 Qxe3 21. fxe3 Rb8 22. c5 Be6 23. Bxe6 Rxe6 24. Rd7 Kf8 25. Rad1 Ke8 26. Rc7 Re7 27. Rxe7+ Kxe7 28. e4 Rc8 29.
Rd5 f6 30. Kf2 Rc6 31. Ke3 Ra6 32. a3 Ra4 33. Kd3 Ra6 34. Kc4 h5 35. h3 g5 36. Rd3 1-0

[Event "*** Titled Tuesday Blitz"]
[Site "Chess.com"]
[Date "2020.02.04"]
[Round "5"]
[White "Bigfish1995"]
[Black "MITerryble"]
[Result "0-1"]
[WhiteElo "3043"]
[BlackElo "2946"]
[TimeControl "180+2"]
[EndTime "10:07:04 PST"]
[Termination "MITerryble won by resignation"]

1. e4 e6 2. d4 d5 3. Nd2 Be7 4. e5 c5 5. c3 Nc6 6. Ngf3 cxd4 7. cxd4 Qb6 8. Nb1 Bb4+ 9. Nc3 Nge7 10. a3 Bxc3+ 11.
bxc3 Na5 12. Bd3 Qb3 13. Bc2 Qc4 14. Bb2 Bd7 15. a4 Rc8 16. Nd2 Qa6 17. Qf3 O-O 18. Ba3 Rfe8 19. Bb4 Nec6 20. Bd3 Nc4 21. Qh5 g6 22.
Qh4 Nxb4 23. cxb4 b5 24. Nf3 Qb6 25. a5 Qd8 26. Ng5 h5 27. g4 f6 28. exf6 Qxf6 29. gxh5 e5 30. hxg6 exd4+ 31. Kf1 Re7 32. Kg2 Bf5 33.
Bxf5 Qxf5 34. Rae1 Rce8 35. Qh6 Qg4+ 0-1

[Event "*** Titled Tuesday Blitz"]
[Site "Chess.com"]
[Date "2020.02.04"]
[Round "5"]
[White "FedaMaster"]
[Black "Philosopherrr"]
[Result "1-0"]
[WhiteElo "2593"]
[BlackElo "2437"]
[TimeControl "180+2"]
[EndTime "10:07:06 PST"]
[Termination "FedaMaster won by resignation"]

1. e4 e5 2. Nf3 Nc6 3. Bc4 Bc5 4.
b4 Bb6 5. a4 a6 6. Nc3 Nf6 7. Nd5 Nxd5 8. exd5 Nd4 9. Nxe5 Qg5 10. O-O O-O 11. Nf3 Qf6 12. Ra3 d6 13. Nxd4 Qxd4 14.
d3 Qf6 15. a5 Bd4 16. Be3 Bc3 17. Bd2 Bd4 18. c3 Ba7 19. d4 Bf5 20. Qf3 Rfe8 21.
Raa1 Be4 22. Qxf6 gxf6 23. f3 Bf5 24. Rfe1 Bg6 25. Rxe8+ Rxe8 26. Re1 Rc8 27. Bh6 b5 28. axb6 Bxb6 29. Bxa6 Ra8 30. Bb7 Rb8 31. g4 f5 32.
h4 fxg4 33. fxg4 f5 34. gxf5 Bxf5 35. Bc6 Kf7 36. Bg5 Kg6 37. Re8 Rxe8 38. Bxe8+ Kg7 39. Kf2 h6 40. Bd8 Be4 41. Bc6 Kg6 42. Ke3 Bg2 43.
Be8+ Kg7 44. Bc6 Bh1 45. c4 Ba7 46. Bxc7 Kg6 47. b5 Kh5 48. Bd8 Kg4 49. Bd7+ Kg3 50. h5 Bf3 51. b6 Bxb6 52. Bxb6 Bxh5 53. Bc7 1-0

[Event "*** Titled Tuesday Blitz"]
[Site "Chess.com"]
[Date "2020.02.04"]
[Round "5"]
[White "NewBornNow"]
[Black "severomorskij"]
[Result "1-0"]
[WhiteElo "2685"]
[BlackElo "2824"]
[TimeControl "180+2"]
[EndTime "10:07:09 PST"]
[Termination "NewBornNow won by resignation"]

1. e4 c5 2. Nf3 e6 3. d3 Nc6 4. g3 d5 5. Qe2 Nf6 6. Bg2 g6 7. O-O Bg7 8. c3 O-O 9. e5 Nd7 10. d4 f6 11. exf6 Nxf6 12. dxc5 Qe7 13. Bf4 Qxc5 14.
Nbd2 Bd7 15. Ne5 Nxe5 16. Qxe5 Rae8 17. Nb3 Qc8 18. Qe2 Bc6 19. Be5 Nd7 20. Bxg7 Kxg7 21. Rad1 a6 22. Rfe1 Qc7 23. f4 Ba4 24. Rd4 Bxb3 25.
axb3 Qb6 26. Qe3 a5 27. b4 e5 28. Rxd5 Qxe3+ 29. Rxe3 Nb6 30. Rdxe5 Rd8 31. bxa5 Nc4 32. Re7+ Kh8 33. Re2 Nxa5 34. b4 Nc4 35. Rxb7 Nd6 36. Rc7 Nb5 37. Rc5 Nd6 38. b5 g5 39. Rxg5 Nc4 40.
Rc5 Rd1+ 41. Kf2 Nd6 42. b6 Rb1 43. Rc6 Nf5 44. Be4 1-0

[Event "*** Titled Tuesday Blitz"]
[Site "Chess.com"]
[Date "2020.02.04"]
[Round "5"]
[White "GM-2023"]
[Black "Nalatac"]
[Result "1-0"]
[WhiteElo "2119"]
[BlackElo "2280"]
[TimeControl "180+2"]
[EndTime "10:07:11 PST"]
[Termination "GM-2023 won on time"]

1. e4 g6 2. d4 Bg7 3. Nc3 d6 4. Be3 a6 5. a4 Nf6 6. f3 Nc6 7. Qd2 h5 8. Bc4 e6 9. Nge2 d5 10. exd5 exd5 11. Bb3 Na5 12. Ba2 O-O 13. O-O Re8 14. Bg5 Nc4 15. Bxc4 dxc4 16. Ne4 Nxe4 17. fxe4 Qd6 18. e5 Qc6 19. Bf6 Bf8 20.
Ng3 Kh7 21. Rae1 Be6 22. Ne4 Bd5 23. Ng5+ Kg8 24. Re3 Bh6 25. Rh3 b5 26. Qd1 b4 27.
Rxh5 gxh5 28. Qxh5 Be4 29. Qxh6 1-0

[Event "*** Titled Tuesday Blitz"]
[Site "Chess.com"]
[Date "2020.02.04"]
[Round "5"]
[White "Kira170"]
[Black "vinniethepooh"]
[Result "0-1"]
[WhiteElo "2502"]
[BlackElo "2783"]
[TimeControl "180+2"]
[EndTime "10:07:12 PST"]
[Termination "vinniethepooh won by resignation"]

1. d4 Nf6 2. Nc3 d5 3. Bf4 e6 4. e3 Bd6 5. Bd3 a6 6. Nf3 Bxf4 7. exf4 c5 8. dxc5 Qc7 9. Qd2 Qxc5 10. h3 Bd7 11. Ne5 Nc6 12. g4 Nxe5 13. fxe5 d4 14.
exf6 dxc3 15. Qxc3 Qxc3+ 16. bxc3 gxf6 17. Ke2 Bc6 18.
Rhb1 h5 19. Rb4 hxg4 20. hxg4 Rh3 21. Rab1 O-O-O 22. Rf4 f5 23. gxf5 e5 24. Rc4 Rd6 25. Be4 Kc7 26. Bxc6 Rxc6 27. Rbb4 Rxc3 28. Rxc6+ Kxc6 29. f4 exf4 30. Kd2 Ra3 31. Rxf4 Rxa2 32. Rh4 Ra5 33. Rh6+ Kd7 34. Rf6 Ke7 35. Rb6 Rb5 36. Rxb5 axb5 37. Kc3 Kf6 38. Kb4 Kxf5 39. Kxb5 Ke4 40.
Kb6 Kd4 0-1

[Event "*** Titled Tuesday Blitz"]
[Site "Chess.com"]
[Date "2020.02.04"]
[Round "5"]
[White "Rap_woyska"]
[Black "Carnivoras"]
[Result "0-1"]
[WhiteElo "2400"]
[BlackElo "2546"]
[TimeControl "180+2"]
[EndTime "10:07:14 PST"]
[Termination "Carnivoras won by resignation"]

1. c4 e6 2. Nf3 d5 3. e3 Nf6 4.
b3 Be7 5. Nc3 O-O 6. Bb2 c5 7.
cxd5 exd5 8. d4 Nc6 9. Be2 Bg4 10.
dxc5 Bxc5 11. O-O h6 12. Rc1 Bd6 13. Nb5 Be7 14. h3 Bh5 15. Ne5 Bxe2 16. Qxe2 Qb6 17. Nxc6 bxc6 18. Nd4 Rfc8 19. Nf5 Qd8 20. Qf3 Kh7 21.
Nxe7 Qxe7 22. Bxf6 Qxf6 23. Qxf6 gxf6 24. Rc5 Rab8 25.
Rfc1 Rb6 26. Rxd5 Kg6 27. Rdc5 Ra6 28. R1c2 Rb6 29. g4 Kg7 30. Kg2 Kg6 31. Kg3 Kg7 32. Rd2 Kg6 33. Rd6 Ra6 34. Rdxc6 Raxc6 35. Ra5 R8c7 36. h4 Rc5 37. Ra6 R5c6 38. Ra5 Kg7 39. h5 Rc2 40. f3 Re2 41. e4 Re3 42. Kf2 Rcc3 43. Rf5 Red3 44.
Ke2 Rd6 45. Ra5 Rc2+ 46. Ke3 a6 47. b4 Rdc6 48. Kf4 R6c3 49. Kg3 Rd3 50. a4 Rcc3 51. Rf5 Rd4 52. b5 a5 53. b6 Rxa4 54. Rb5 Rc8 55.
b7 Rb8 56. Kf4 Ra1 57. Kf5 a4 58. f4 a3 59. e5 fxe5 0-1

[Event "*** Titled Tuesday Blitz"]
[Site "Chess.com"]
[Date "2020.02.04"]
[Round "5"]
[White "SONOFHOLYGOD"]
[Black "AwareIdea"]
[Result "1-0"]
[WhiteElo "2608"]
[BlackElo "2429"]
[TimeControl "180+2"]
[EndTime "10:07:15 PST"]
[Termination "SONOFHOLYGOD won by resignation"]

1. d4 d5 2. Nf3 Nf6 3. Bf4 c5 4. Bxb8 Rxb8 5. Nc3 cxd4 6. Qxd4 a6 7. O-O-O Qc7 8. e4 dxe4 9. Ne5 e6 10. Nb5 axb5 11.
Bxb5+ Nd7 12. Nxd7 Bxd7 13. Bxd7+ Ke7 14. Qxe4 Kf6 15. f4 Bd6 16. Bb5 Bxf4+ 17. Kb1 Ke7 18. Rd7+ Qxd7 19. Bxd7 Bg5 20. Bb5 Rhd8 21. Bd3 h6 22. h4 Bf6 23. g4 g6 24. h5 gxh5 25.
gxh5 Rd4 26. Qf3 Rb4 27. b3 Be5 28. Rf1 f6 29. Qg2 Kd6 30. Rd1 Kc7 31. Qg7+ Kb6 32. a3 Rf4 33. Qxh6 Ra8 34. Ka2 Rg4 35. Qe3+ Kc7 36.
h6 Rgg8 37. Qc5+ Kd7 38. Bh7+ 1-0

[Event "*** Titled Tuesday Blitz"]
[Site "Chess.com"]
[Date "2020.02.04"]
[Round "5"]
[White "AntonSmirnov"]
[Black "GukeshDommaraju"]
[Result "1-0"]
[WhiteElo "2918"]
[BlackElo "2654"]
[TimeControl "180+2"]
[EndTime "10:07:21 PST"]
[Termination "AntonSmirnov won on time"]

1. e4 c5 2. Nf3 d6 3. d4 cxd4 4. Nxd4 Nf6 5. Nc3 a6 6. Be3 e5 7.
Nde2 Be6 8. g3 Be7 9. Bg2 Nbd7 10. a4 O-O 11. O-O Rc8 12. h3 Nb6 13. b3 d5 14.
Bxb6 Qxb6 15. Nxd5 Bxd5 16. exd5 Bc5 17. c4 a5 18. Qc2 Ne8 19. Rad1 Nd6 20. Nc3 f5 21. Kh2 Rce8 22. Rde1 Re7 23. Nb5 e4 24. f3 f4 25.
fxe4 fxg3+ 26. Kh1 Bf2 27. c5 Qxc5 28. Qxc5 Bxc5 29.
Rxf8+ Kxf8 30. e5 Bf2 31. Re2 Nxb5 32. axb5 Rc7 33. Be4 Rc1+ 34. Kg2 Re1 35. Rxe1 Bxe1 36. d6 Bc3 37. e6 Be5 38. d7 Ke7 39. Bxb7 Bc7 40.
Bd5 g5 41. Kf3 h5 42. Ke2 g4 43. hxg4 hxg4 44. Ke3 g2 45. Kf2 1-0

[Event "*** Titled Tuesday Blitz"]
[Site "Chess.com"]
[Date "2020.02.04"]
[Round "5"]
[White "bluejay1897"]
[Black "ChessPromotionAlex"]
[Result "0-1"]
[WhiteElo "2391"]
[BlackElo "2548"]
[TimeControl "180+2"]
[EndTime "10:07:23 PST"]
[Termination "ChessPromotionAlex won by checkmate"]

1. Nf3 Nf6 2. g3 g6 3. b3 Bg7 4. Bb2 d6 5. d4 c5 6. Bg2 cxd4 7. Bxd4 Nc6 8. Bb2 O-O 9. O-O d5 10. Nbd2 Bf5 11. Nh4 Be6 12. Nhf3 h6 13. e3 Rc8 14. Rc1 Qa5 15. a3 Rfd8 16. b4 Qa6 17. Nb3 Qb6 18. Nfd4 Bg4 19. f3 Bd7 20. Nc5 Ne5 21. Nxd7 Nfxd7 22. Rb1 Nc4 23. Bc1 e5 24. Nb3 Nxe3 25. Bxe3 Qxe3+ 26. Kh1 d4 27. f4 b6 28. Rf3 Qe4 29. Rd3 Qf5 30. fxe5 Nxe5 31. Rxd4 Re8 32. Rf4 Qxc2 33. Qf1 f5 34. Bd5+ Kh7 35. Rc1 Qb2 36. Rxc8 Rxc8 37. Rxf5 Ng4 38. Rf3 Qxh2# 0-1

[Event "*** Titled Tuesday Blitz"]
[Site "Chess.com"]
[Date "2020.02.04"]
[Round "5"]
[White "WeAintSurePal"]
[Black "Atanejhad"]
[Result "0-1"]
[WhiteElo "2424"]
[BlackElo "2602"]
[TimeControl "180+2"]
[EndTime "10:07:24 PST"]
[Termination "Atanejhad won by checkmate"]

1. d4 Nf6 2. Nc3 d5 3. Bf4 Bf5 4. e3 e6 5. Nf3 Bd6 6. Bd3 Bxd3 7. Qxd3 Nbd7 8. Ne5 O-O 9. O-O Qe7 10. e4 dxe4 11.
Nxe4 Nxe4 12. Qxe4 c6 13. Rfe1 Rfd8 14. Nxd7 Rxd7 15.
Rad1 Rad8 16. Rd3 Bxf4 17. Qxf4 Qb4 18. c3 Qxb2 19. Rg3 Rd5 20. h4 Rf5 21. Qe3 Qxa2 22. Re2 Qa3 23. Qh6 Qf8 24. Re4 Kh8 25. Qe3 a5 26. Reg4 g6 27. Rf3 Rdd5 28. c4 Rxf3 29. Qxf3 Rf5 30. Qe3 a4 31. c5 h5 32. Rg3 Qg7 33. Rg5 Rxg5 34. hxg5 Kh7 35. g3 Qh8 36. Kg2 Qd8 37. Qf4 Kg8 38. Qe3 Qd5+ 39. Kh2 Qb3 40.
Qf4 a3 41. Qb8+ Kh7 42. Qe8 e5 43. dxe5 a2 44. Qa8 Qb2 45. e6 a1=Q 46. Qf8 Qxf2+ 47. Kh3 Qh1# 0-1

[Event "*** Titled Tuesday Blitz"]
[Site "Chess.com"]
[Date "2020.02.04"]
[Round "5"]
[White "Misha_Bilous"]
[Black "killer311"]
[Result "1-0"]
[WhiteElo "2483"]
[BlackElo "2223"]
[TimeControl "180+2"]
[EndTime "10:07:24 PST"]
[Termination "Misha_Bilous won by resignation"]

1. d4 d5 2. c4 c6 3. e3 Nf6 4. Nf3 Bf5 5. Nc3 a6 6. Nh4 Bc8 7. cxd5 cxd5 8. Qb3 b5 9. Bd2 Nc6 10. Rc1 e6 11. Nxb5 Bd7 12. Nc3 Bd6 13. Nf3 O-O 14.
Be2 Rb8 15. Qc2 Nb4 16. Qb1 Qb6 17. O-O Qa7 18. Ne5 Rfc8 19. a3 Nc6 20. Nxc6 Bxc6 21. b4 a5 22. Na2 Ne4 23. Be1 Qe7 24. f3 Nf6 25. Bh4 axb4 26. axb4 Bxb4 27. Bxf6 gxf6 28. Nxb4 Rxb4 29. Qa2 Qb7 30. Ba6 Qa7 31. Qd2 Rcb8 32. Rxc6 Rb2 33. Qd3 R8b3 34. Rc3 Rb6 35. Ra3 Qb8 36.
f4 Rc6 37. Rc3 Rcb6 38. Rc8+ Qxc8 39. Bxc8 Kg7 40. f5 R6b3 41. Qd1 Rc3 42. fxe6 Rxc8 43. Qg4+ Kf8 44. e7+ Kxe7 45. Qxc8 1-0

[Event "*** Titled Tuesday Blitz"]
[Site "Chess.com"]
[Date "2020.02.04"]
[Round "5"]
[White "MikeSailer"]
[Black "marabu44"]
[Result "1-0"]
[WhiteElo "2104"]
[BlackElo "2301"]
[TimeControl "180+2"]
[EndTime "10:07:24 PST"]
[Termination "MikeSailer won by resignation"]

1. Nf3 d5 2. b4 c6 3. Bb2 Bf5 4. e3 Nf6 5. Be2 h6 6. O-O Nbd7 7. c4 e6 8. a3 Bd6 9. d4 O-O 10. Nbd2 Ne4 11. Nxe4 dxe4 12. Ne5 f6 13. Nxd7 Qxd7 14. c5 Bc7 15. Bc4 Kh7 16. a4 a6 17. Qe2 Rae8 18.
b5 axb5 19. axb5 e5 20. bxc6 bxc6 21. d5 cxd5 22. Bb5 Qf7 23. Bxe8 Qxe8 24. Ra7 Bb8 25. Rb7 d4 26. Qb5 Qxb5 27. Rxb5 dxe3 28. fxe3 Bg4 29.
Rb7 Be2 30. Rc1 Rc8 31. c6 Bd6 32. Rd7 Bb8 33. c7 Ba7 34. Rd8 Bxe3+ 35. Kh1 Ba6 36. Rxc8 Bxc1 37. Ra8 Bb7 38. Rb8 e3 39. Bxc1 e2 40.
Bd2 Ba6 41. c8=Q Bxc8 42. Rxc8 Kg6 43. Kg1 Kf5 44. Kf2 g5 45. Kxe2 h5 46. Kf2 h4 47.
h3 Ke4 48. Rc4+ Kd3 49. Rc6 f5 50. Bxg5 f4 51. Bxh4 e4 52. Rd6+ 1-0

[Event "*** Titled Tuesday Blitz"]
[Site "Chess.com"]
[Date "2020.02.04"]
[Round "5"]
[White "BocharovD"]
[Black "GHANDEEVAM2003"]
[Result "1-0"]
[WhiteElo "2762"]
[BlackElo "2939"]
[TimeControl "180+2"]
[EndTime "10:07:29 PST"]
[Termination "BocharovD won on time"]

1. Nf3 d5 2. e3 Nf6 3. c4 e6 4. b3 c5 5. Bb2 Nc6 6. cxd5 exd5 7. Be2 d4 8. Bb5 Bg4 9. h3 Bh5 10. O-O Qc7 11. Be2 Bg6 12. exd4 O-O-O 13. dxc5 Bxc5 14.
d4 Kb8 15. Na3 Rhe8 16. Rc1 Bxa3 17. Bxa3 Qa5 18. Bc5 Ne4 19. b4 Nxb4 20. Qb3 Nd5 21. Bb5 Re6 22. Bc4 Nf4 23. Bxe6 Ne2+ 24. Kh1 Nxc1 25. Rxc1 fxe6 26. Qxe6 Nxf2+ 27. Kg1 Ne4 28. Be7 Re8 29. d5 Qxa2 30. Qe5+ Ka8 31. Qc7 Qf2+ 32. Kh2 a6 33. Bh4 Qe3 34. Rb1 Rb8 35. Re1 Qd3 36. d6 Qxd6+ 37. Qxd6 1-0

[Event "*** Titled Tuesday Blitz"]
[Site "Chess.com"]
[Date "2020.02.04"]
[Round "5"]
[White "StockholmMissile"]
[Black "petrpalachev"]
[Result "0-1"]
[WhiteElo "2449"]
[BlackElo "2656"]
[TimeControl "180+2"]
[EndTime "10:07:36 PST"]
[Termination "petrpalachev won by resignation"]

1. d4 Nf6 2. c4 e6 3. Nf3 d5 4. Bg5 dxc4 5. e4 b5 6. a4 c6 7.
Nc3 Qb6 8. Be2 Bb4 9. Qc2 Nbd7 10. O-O Bb7 11. Rad1 h6 12. Bh4 a6 13. Rfe1 O-O 14. Ne5 c5 15. Nxd7 Nxd7 16. d5 e5 17. Rf1 Kh8 18.
Bg4 Bc8 19. Ne2 Nf6 20. Bxc8 Raxc8 21. f4 exf4 22. Rxf4 g5 23. Rxf6 Qxf6 24. Bg3 Rfe8 25. e5 Rxe5 26. Rf1 Qg7 27. h4 Rxd5 28. hxg5 hxg5 29.
Qe4 Rcd8 30. Bc7 R8d7 31. Bb8 Qg6 32. Qe8+ Kh7 33. Ng3 f5 34. Qc8 f4 35. Bxf4 gxf4 36. Rxf4 Rd1+ 37. Nf1 Rxf1+ 38. Rxf1 Qe6 39. Qf8 Bd2 40.
Qf3 Be3+ 41. Kh1 Qh6+ 42. Qh3 Qxh3+ 43. gxh3 0-1

[Event "*** Titled Tuesday Blitz"]
[Site "Chess.com"]
[Date "2020.02.04"]
[Round "5"]
[White "AleksanderHnydiuk"]
[Black "GMHellers"]
[Result "0-1"]
[WhiteElo "2530"]
[BlackElo "2490"]
[TimeControl "180+2"]
[EndTime "10:07:40 PST"]
[Termination "GMHellers won by resignation"]

1. Nf3 d5 2. d4 c5 3. c4 e6 4. cxd5 exd5 5. g3 Nc6 6. Bg2 Nf6 7. O-O Be7 8. Nc3 O-O 9. dxc5 Bxc5 10. Na4 Be7 11.
Be3 Re8 12. Rc1 Bg4 13. Nc5 Bxc5 14. Bxc5 Ne4 15. Be3 Qd7 16. Nd4 Nxd4 17. Bxd4 Ng5 18. f3 Bh3 19. Qd2 Bxg2 20. Kxg2 Ne6 21. e3 b6 22. Rc3 Rad8 23. Rfc1 Re7 24. g4 f6 25. Rd3 Rde8 26. Bc3 Nf4+ 27. exf4 Re2+ 28. Kg3 Rxd2 29. Rxd2 h5 30. Rcd1 hxg4 31. Rxd5 Qc6 32.
fxg4 Qc4 33. R1d3 Qe4 34. g5 fxg5 35. fxg5 Rf8 36. Rd7 Qf4+ 37. Kh3 Qf1+ 38. Kg3 Qf4+ 39. Kh3 Rf7 40. R7d6 Qxg5 41. Rg3 Qf5+ 42. Kh4 Qf4+ 43.
Kh3 Qxd6 0-1

[Event "*** Titled Tuesday Blitz"]
[Site "Chess.com"]
[Date "2020.02.04"]
[Round "5"]
[White "Colombiano07"]
[Black "LiemLe"]
[Result "0-1"]
[WhiteElo "2284"]
[BlackElo "2983"]
[TimeControl "180+2"]
[EndTime "10:07:41 PST"]
[Termination "LiemLe won by resignation"]

1. e4 c5 2. Nf3 d6 3. d4 cxd4 4.
Qxd4 Nc6 5. Qe3 g6 6. Be2 Bg7 7. O-O Nh6 8. h3 O-O 9. Rd1 f5 10. e5 Nf7 11. exd6 Nxd6 12. Nc3 Bd7 13. Nd5 e6 14. Nf4 Ne4 15. Nxe6 Bxe6 16. Rxd8 Raxd8 17. Ng5 Bd4 18. Nxe6 Bxe3 19. Bxe3 f4 20. Nxf4 Rd6 21. Bc4+ Kg7 22. Re1 Re8 23. c3 Nf6 24. Rc1 a6 25. Bf1 Ne5 26. Bd4 Nc6 27. Bc5 Rd2 28. b4 Ne4 29. Be3 Rxa2 30. Bc4 Ra3 31. Ne6+ Kf6 32. Nc5 Nxc5 33. Bxc5 b5 34. Bd5 Ne5 35. Bd4 Rd8 36.
Bb7 Rxd4 37. cxd4 Nc4 38. d5 Ke5 39. Re1+ Kd4 40. Re6 a5 41. bxa5 Nxa5 42. Bc6 b4 43. Bb5 b3 44. d6 b2 45. d7 b1=Q+ 46. Kh2 Nb7 47. Bc6 Nd8 48. Re8 Qb8+ 49. g3 Kc5 50.
Bg2 Ra2 0-1

[Event "*** Titled Tuesday Blitz"]
[Site "Chess.com"]
[Date "2020.02.04"]
[Round "5"]
[White "Kirill_Kopenkin"]
[Black "RaunakSadhwani2005"]
[Result "0-1"]
[WhiteElo "2545"]
[BlackElo "2742"]
[TimeControl "180+2"]
[EndTime "10:07:43 PST"]
[Termination "RaunakSadhwani2005 won by resignation"]

1. e4 c5 2. Nf3 Nc6 3. d4 cxd4 4.
Nxd4 Nf6 5. Nc3 d6 6. f3 e5 7. Nb3 Be6 8. Nd5 Bxd5 9. exd5 Nb8 10. Be3 Nbd7 11. Qd2 h5 12. a4 g6 13. a5 a6 14.
Be2 Bg7 15. O-O O-O 16. c4 Rc8 17. Rac1 Qe7 18. Rc2 Rfd8 19. Nc1 Ne8 20. b4 f5 21. Nb3 f4 22. Bf2 Ndf6 23. Bd3 Kh7 24. Re1 Qf7 25. Qe2 Bf8 26. Nd2 Ng7 27. g4 fxg3 28. hxg3 Nf5 29. g4 Nd4 30. Bxd4 exd4 31. Ne4 Nxe4 32. Bxe4 hxg4 33.
fxg4 Bh6 34. Qh2 Kg7 35. Rf2 Qe7 36. g5 Bxg5 37. Qg2 Rf8 38. Rfe2 Qf6 39. Bd3 Be3+ 40. Rxe3 dxe3 41. Rxe3 Rce8 42. Rg3 Re1+ 43. Kh2 Rh8+ 44. Rh3 Qf4+ 45. Qg3 Rxh3+ 46. Kxh3 Re3 0-1